Map: Abyssal Reef LE

Players

Ziggy - Winner!

  • Race: Terran Terran
  • Spawn Location: 5:00

ShaDoWn

  • Race: Protoss Protoss
  • Spawn Location: 11:00

Event: WCS Jonkoping 2017

VOD

Have the link to the VOD?

Description

Time

  • Played on: June 17, 2017, 7:33 a.m.
  • Length: 12:58

All games in this series

Show
View Real Time Build Order
Export as new Build Order

Ziggy Terran - Winner!

Build Orders: Reaper Expand, MMM Bio 

Get SALT Encoding   

  12  0:00  SCV  
  13  0:12  SCV  
  14  0:17  Supply Depot  
  14  0:24  SCV  
  15  0:29  Refinery  
  15  0:38  SCV  
  16  0:44  Barracks  
  16  0:51  SCV  
  17  1:03  SCV  
  18  1:15  SCV  
  19  1:32  Orbital Command, Reaper  
  20  1:35  Refinery  
  20  1:56  Command Center  
  20  1:59  SCV  
  21  2:10  Factory  
  21  2:12  Barracks Reactor  
  21  2:13  SCV  
  22  2:19  Supply Depot  
  22  2:25  SCV  
  22  2:26  Refinery  
  23  2:40  SCV  
  24  2:53  SCV  
  24  2:55  Starport  
  24  2:56  Barracks Tech Lab  
  25  3:00  Hellion x2  
  25  3:05  SCV  
  30  3:08  Orbital Command  
  30  3:17  SCV  
  30  3:19  Marine  
  32  3:21  Widow Mine x2  
  32  3:25  Stimpack  
  36  3:31  SCV  
  37  3:37  Medivac  
  37  3:39  SCV  
  40  3:42  Supply Depot  
  40  3:43  SCV  
  40  3:44  Marine  
  42  3:51  SCV  
  42  3:56  SCV  
  42  4:02  Cyclone  
  46  4:04  SCV  
  46  4:08  SCV  
  46  4:13  Liberator  
  46  4:16  SCV  
  45  4:20  SCV  
  46  4:25  Barracks  
  46  4:27  Command Center  
  46  4:29  Marine  
  51  4:38  SCV x2  
  51  4:39  Engineering Bay  
  51  4:42  Supply Depot  
  52  4:46  Refinery  
  52  4:50  SCV x2  
  54  4:59  Barracks  
  54  5:00  Barracks  
  54  5:03  Factory Tech Lab  
  54  5:04  Marine, SCV  
  56  5:08  Missile Turret  
  56  5:11  SCV  
  57  5:15  Missile Turret  
  57  5:16  Starport Reactor  
  57  5:23  SCV  
  57  5:24  SCV  
  57  5:27  Marauder  
  57  5:28  Barracks Tech Lab  
  61  5:33  Refinery  
  61  5:34  Siege Tank  
  61  5:35  Supply Depot  
  64  5:37  SCV x2  
  66  5:47  Marauder, Marine  
  66  5:48  Barracks Tech Lab  
  66  5:49  Combat Shields  
  69  5:51  SCV x2  
  69  5:55  Orbital Command  
  69  6:03  SCV  
  69  6:05  Marine x3  
  69  6:07  SCV  
  73  6:13  Marine  
  73  6:15  SCV  
  75  6:22  Marine  
  75  6:23  Marine  
  74  6:27  SCV x2  
  74  6:31  Orbital Command  
  74  6:32  Medivac x2, Missile Turret  
  80  6:33  Marine x2  
  80  6:35  Marine  
  80  6:39  SCV  
  85  6:40  SCV  
  85  6:48  Marine x2  
  85  6:50  Marine  
  85  6:53  Missile Turret  
  87  6:59  SCV x2, Supply Depot  
  87  7:00  Terran Infantry Weapons Level 1, Supply Depot  
  89  7:05  Marine x2  
  90  7:09  Siege Tank  
  90  7:13  Marine x2  
  91  7:19  SCV x2  
  91  7:20  Marine  
  91  7:23  Marine x2, SCV  
  94  7:31  SCV  
  94  7:33  Marine x2, Medivac x2  
  94  7:35  SCV x2  
  101  7:41  Marine x3  
  104  7:46  Siege Tank  
  104  7:50  SCV x2  
  109  7:59  Marine x2, SCV  
  109  8:00  Marauder, Supply Depot  
  109  8:04  SCV x2  
  115  8:06  Armory  
  115  8:10  Engineering Bay  
  117  8:14  SCV  
  117  8:16  Supply Depot  
  117  8:17  Marine  
  117  8:22  Marauder, Marine, SCV x2  
  122  8:32  Marine x2  
  122  8:33  Siege Tank  
  124  8:34  SCV  
  124  8:38  SCV x2  
  124  8:40  Barracks, Supply Depot  
  127  8:44  Marauder  
  127  8:45  Supply Depot  
  127  8:46  SCV  
  130  8:48  Marine x2  
  130  8:50  SCV  
  130  8:54  Ghost Academy  
  129  9:04  SCV x2  
  129  9:05  Marine x3  
  129  9:08  SCV  
  129  9:09  Siege Tank  
  129  9:16  SCV  
  130  9:21  Supply Depot x2  
  130  9:22  Command Center  
  130  9:23  Marauder, Marine, Supply Depot  
  130  9:24  Marauder, Marine  
  134  9:26  Terran Infantry Armor Level 1  
  136  9:32  Terran Infantry Weapons Level 2  
  136  9:33  Marine  
  138  9:39  Barracks Tech Lab  
  138  9:45  Marauder, Liberator x2, Ghost  
  139  9:48  Marine x2  
  139  9:50  Ghost  
  139  9:52  Siege Tank  
  148  10:02  Marine  
  148  10:05  Marine, Ghost  
  148  10:06  Marine  
  159  10:11  Personal Cloaking  
  159  10:12  Refinery x2  
  159  10:13  Barracks x2, Ghost  
  159  10:20  Marauder, Marine  
  164  10:23  Marine x2  
  164  10:28  Siege Tank  
  169  10:32  Liberator  
  169  10:35  Marauder  
  169  10:38  Marine  
  169  10:41  Marauder, Marine x2  
  165  10:43  Marauder  
  158  10:53  SCV x2  
  158  10:56  Marine x2  
  153  10:59  Marine x2  
  153  11:00  Siege Tank  
  153  11:01  Marine  
  153  11:02  Marauder  
  153  11:03  SCV  
  153  11:04  Marauder  
  153  11:10  Marine  
  138  11:13  Marine  
  138  11:14  Marauder  
  138  11:17  Marine x2  
  128  11:19  SCV x2  
  128  11:23  Marine  
  128  11:24  Marauder  
  128  11:25  Marine  
  132  11:28  Marine  
  132  11:31  Marine  
  134  11:34  Marine  
  134  11:35  Marine x2  
  134  11:38  SCV  
  135  11:43  Marine x2  
  133  11:50  Siege Tank  
  136  11:56  Marine  
  136  11:57  Marauder, Marine  
  136  11:59  Marine x2  
  136  12:00  Marine  
  135  12:02  Marauder  
  137  12:11  Marine  
  137  12:14  Marine  
  139  12:18  Marauder  
  136  12:23  Marine  
  136  12:24  Marauder  
  136  12:25  Marine x3  
  136  12:26  SCV x2  
  136  12:27  Medivac  
  136  12:29  Marine  
  145  12:32  Marine, Orbital Command  
  145  12:38  SCV x2  
Show
View Real Time Build Order
Export as new Build Order

ShaDoWn Protoss 

Build Orders: 1 Gate Expand, Dark Templar Rush 

Get SALT Encoding   

  12  0:00  Probe (Chrono Boost)  
  13  0:11  Probe (Chrono Boost)  
  14  0:18  Pylon  
  14  0:22  Probe (Chrono Boost)  
  15  0:36  Probe (Chrono Boost)  
  15  0:37  Gateway  
  15  0:41  Assimilator  
  16  0:47  Probe (Chrono Boost)  
  17  0:57  Probe (Chrono Boost)  
  18  1:08  Probe (Chrono Boost)  
  19  1:20  Nexus  
  19  1:22  Probe (Chrono Boost)  
  20  1:32  Cybernetics Core  
  20  1:35  Probe (Chrono Boost)  
  21  1:45  Probe (Chrono Boost)  
  22  1:50  Pylon  
  22  1:56  Probe (Chrono Boost)  
  23  2:08  Probe (Chrono Boost), Adept (Chrono Boost)  
  26  2:09  Warp Gate  
  26  2:20  Probe (Chrono Boost)  
  26  2:22  Assimilator  
  27  2:32  Probe x2 (Chrono Boost), Adept  
  31  2:42  Probe (Chrono Boost)  
  31  2:43  Probe (Chrono Boost)  
  33  2:47  Twilight Council  
  33  2:53  Probe x2 (Chrono Boost)  
  35  3:03  Probe (Chrono Boost)  
  35  3:04  Probe (Chrono Boost)  
  37  3:09  Robotics Facility  
  37  3:14  Probe x2 (Chrono Boost)  
  37  3:19  Pylon  
  39  3:24  Probe (Chrono Boost)  
  39  3:25  Probe (Chrono Boost)  
  41  3:32  Dark Shrine  
  41  3:35  Probe x2 (Chrono Boost)  
  41  3:40  Gateway  
  41  3:41  Gateway  
  43  3:45  Probe (Chrono Boost)  
  43  3:46  Probe (Chrono Boost)  
  45  3:49  Assimilator  
  45  3:51  Assimilator  
  44  3:56  Mothership Core (Chrono Boost)  
  44  4:02  Probe (Chrono Boost)  
  41  4:11  Probe (Chrono Boost)  
  41  4:12  Warp Prism (Chrono Boost)  
  41  4:14  Probe (Chrono Boost)  
  43  4:23  Probe (Chrono Boost)  
  44  4:26  Probe (Chrono Boost)  
  45  4:34  Probe (Chrono Boost)  
  45  4:37  Probe (Chrono Boost)  
  47  4:39  Nexus  
  47  4:45  Observer, Probe (Chrono Boost)  
  48  4:46  Sentry  
  48  4:48  Probe (Chrono Boost)  
  52  4:54  Pylon  
  52  4:55  Probe (Chrono Boost)  
  52  4:58  Probe (Chrono Boost)  
  52  4:59  Blink (Chrono Boost)  
  54  5:07  Immortal  
  54  5:12  Probe  
  54  5:13  Probe  
  60  5:17  Pylon  
  60  5:24  Probe, Gateway  
  60  5:25  Probe  
  62  5:36  Probe  
  62  5:37  Pylon  
  62  5:39  Dark Templar  
  62  5:42  Probe  
  66  5:43  Sentry  
  66  5:46  Immortal  
  66  5:48  Probe  
  72  6:02  Stalker  
  72  6:03  Probe  
  70  6:08  Stalker  
  70  6:09  Probe  
  70  6:10  Probe  
  62  6:16  Probe  
  63  6:21  Probe x2 (Chrono Boost)  
  65  6:28  Probe (Chrono Boost)  
  70  6:33  Probe x2 (Chrono Boost)  
  70  6:38  Observer (Chrono Boost)  
  70  6:39  Probe (Chrono Boost)  
  67  6:43  Probe x2 (Chrono Boost)  
  67  6:46  Charge (Chrono Boost)  
  69  6:49  Probe  
  69  6:52  Probe  
  69  6:53  Probe  
  70  6:55  Dark Templar x2  
  76  7:01  Probe  
  76  7:03  Probe x2  
  70  7:14  Probe x3, Immortal (Chrono Boost)  
  77  7:19  Zealot x2  
  81  7:24  Probe x2  
  81  7:26  Probe  
  82  7:35  Probe x2  
  84  7:38  Probe  
  84  7:39  Stalker x2  
  84  7:43  Pylon  
  89  7:45  Probe x2  
  89  7:48  Pylon  
  89  7:50  Probe  
  92  7:56  Probe  
  93  8:01  Probe, Pylon  
  93  8:02  Immortal (Chrono Boost)  
  98  8:06  Probe  
  98  8:07  Zealot x3  
  103  8:13  Forge  
  103  8:15  Stalker  
  103  8:18  Probe  
  106  8:28  Pylon  
  106  8:34  Stalker x2  
  106  8:37  Warp Prism (Chrono Boost)  
  106  8:38  Forge  
  112  8:42  Pylon  
  112  8:46  Probe  
  112  8:47  Probe x2  
  115  8:50  Gateway  
  115  8:51  Gateway  
  115  8:54  Zealot x2, Gateway x2  
  115  9:03  Probe  
  115  9:04  Probe  
  115  9:05  Assimilator  
  115  9:06  Assimilator  
  115  9:08  Protoss Ground Weapons Level 1 (Chrono Boost)  
  117  9:13  Protoss Ground Armor Level 1 (Chrono Boost)  
  117  9:17  Nexus  
  117  9:30  Pylon  
  117  9:32  Immortal  
  117  9:34  Robotics Bay  
  117  9:36  Robotics Facility  
  121  9:42  Photon Cannon  
  121  9:50  Zealot x2  
  121  9:51  Zealot x2  
  129  9:53  Zealot x3  
  135  10:01  Stalker  
  135  10:05  Pylon  
  135  10:06  Pylon  
  137  10:16  Extended Thermal Lance  
  137  10:18  Probe x3  
  140  10:23  Colossus (Chrono Boost)  
  146  10:29  Pylon  
  146  10:30  Probe  
  146  10:33  Zealot x5  
  157  10:41  Disruptor (Chrono Boost)  
  151  10:47  Pylon  
  151  10:48  Zealot x3  
  143  10:55  Zealot x3  
  91  11:22  Colossus x2 (Chrono Boost)  
  85  11:32  Sentry  
  85  11:33  Sentry, Stalker x4  
  85  11:36  Stalker x2  
  102  12:08  Immortal (Chrono Boost)  
  102  12:09  Stalker x6, Immortal (Chrono Boost)  
  102  12:10  Stalker  
  102  12:14  Zealot  
  90  12:33  Sentry x3  
  90  12:34  Zealot x3  
  90  12:35  Zealot  
  94  12:47  Zealot  
Tags
 
Add a new tag
Caveats
  • Supply blocks, unpowered buildings, or Contaminate may cause inaccurate times.
  • Supply counts are checked every 10 seconds.